 Dungeon Crawl Stone Soup version 0.27-a0-920-gb2bd10914a (webtiles) character file.

Game seed: 11096284702608901408

814 robertstho the Magician (level 7, -7/47 HPs)
             Began as a Djinni Fire Elementalist on Apr 9, 2021.
             Mangled by a wyvern zombie (11 damage)
             ... on level 6 of the Dungeon.
             The game lasted 00:07:25 (7824 turns).

robertstho the Magician (Djinni Fire Elementalist)  Turns: 7824, Time: 00:07:26

Health: -7/47      AC:  5    Str:  7    XL:     7   Next: 93%
Gold:   53         EV: 13    Int: 18    God:
                   SH:  0    Dex: 14

rFire    + + .     SeeInvis .   f - +2 dagger (drain)
rCold    x . .     Faith    .   (no shield)
rNeg     . . .     Spirit   .   a - +0 robe
rPois    ∞         Reflect  .   q - +0 helmet
rElec    .         Harm     .   w - +0 cloak
rCorr    +         Rampage  .   t - +0 pair of gloves
Will     .....                  (boots unavailable)
Stlth    ++........             (no amulet)
HPRegen  0.15/turn              d - ring of resist corrosion
MPRegen  0.00/turn              (no ring)

@: flying
A: fire resistance 2, cold vulnerability 1, float, innate caster, hp casting,
extra vitality 1
a: no special abilities


You were on level 6 of the Dungeon.
You visited 1 branch of the dungeon, and saw 6 of its levels.

You collected 187 gold pieces.
You spent 134 gold pieces at shops.

Inventory:

Hand Weapons
 c - a +0 long sword
 f - a +2 dagger of draining (weapon)
 m - a +3 flail
 s - a +2 morningstar of holy wrath
Armour
 a - a +0 robe (worn)
 q - a +0 helmet (worn)
 t - a +0 pair of gloves (worn)
 w - a +0 cloak (worn)
Jewellery
 d - a ring of resist corrosion (left hand)
Wands
 b - a wand of polymorph (5)
 x - a wand of flame (18)
 y - a wand of paralysis (8)
Scrolls
 e - 2 scrolls of teleportation
 n - a scroll of acquirement {unknown}
 o - a scroll of amnesia {unknown}
 p - a scroll of immolation {unknown}
 v - a scroll of magic mapping
 z - a scroll of fear
 A - a scroll of holy word {unknown}
Potions
 g - 3 potions of ambrosia
 h - 2 potions of attraction
 i - a potion of mutation {unknown}
 j - a potion of brilliance
 k - a potion of resistance {unknown}
 l - a potion of lignification {unknown}
 r - a potion of cancellation
 u - 3 potions of curing


   Skills:
 + Level 1.4 Fighting
 + Level 3.4 Dodging
 + Level 2.7 Stealth
 * Level 6.9 Spellcasting


You couldn't memorise any spells.
You knew the following spells:

 Your Spells              Type           Power      Damage    Failure   Level
a - Foxfire               Conj/Fire      100%       2x1d9     1%          1
b - Conjure Flame         Conj/Fire      31%        6-21      1%          3
c - Inner Flame           Hex/Fire       31%        N/A       1%          3
d - Sticky Flame          Conj/Fire      31%        2d5       6%          4
e - Fireball              Conj/Fire      15%        3d8       17%         5
f - Sting                 Tmut/Pois      100%       1d8       1%          1
g - Passwall              Tmut/Erth      25%        N/A       1%          2
h - Searing Ray           Conj           62%        3d5       1%          2
Your spell library was empty.

Dungeon Overview and Level Annotations

Branches:
Dungeon (6/15)
 Temple: D:4-7

Altars:
Elyvilon
Hepliaklqana
Kikubaaqudgha
Nemelex Xobeh
Ru
Trog
Uskayaw
Xom

Shops:
D:1 !   D:4 ?


Innate Abilities, Weirdness & Mutations

You are immune to poison.
Your flesh is very heat resistant. (rF++)
You are vulnerable to cold. (rC-)
You float through the air rather than walking.
You learn spells naturally, not from books.
Your magical power is your life essence.
You have superior vitality. (+4 HP)


Message History

The wyvern zombie is lightly damaged.
The foxfire hits the wyvern zombie.
The wyvern zombie is lightly damaged.
The wyvern zombie completely misses you.
The water moccasin barely misses you.
Casting: Foxfire (safe; 1% risk of failure)
Confirm with . or Enter, or press ? or * to list all spells.
You conjure some foxfire!
The wyvern zombie completely misses you.
The water moccasin bites you. The wyvern zombie bites you.
The water moccasin bites you!
The foxfire hits the wyvern zombie but does no damage.
The wyvern zombie is lightly damaged.
The foxfire hits the wyvern zombie.
The wyvern zombie is lightly damaged.
The wyvern zombie barely misses you. The water moccasin bites you.
Casting: Foxfire (safe; 1% risk of failure)
Confirm with . or Enter, or press ? or * to list all spells.
You conjure some foxfire!
The water moccasin closely misses you. The wyvern zombie bites you.
The foxfire hits the wyvern zombie.
The wyvern zombie is moderately damaged.
The foxfire hits the wyvern zombie but does no damage.
The wyvern zombie is moderately damaged.
The water moccasin barely misses you. The wyvern zombie misses you.
The water moccasin barely misses you. The wyvern zombie bites you!
* * * LOW HITPOINT WARNING * * *
Casting: Foxfire (safe; 1% risk of failure)
Confirm with . or Enter, or press ? or * to list all spells.
Aiming: Sticky Flame (dangerous; 6% risk of failure)
Press: ? - help, Shift-Dir - straight line, f - wyvern zombie
Aim: a wyvern zombie (moderately damaged, 0% to evade)
The sticky flame hits the wyvern zombie.
The wyvern zombie is moderately damaged.
The wyvern zombie is covered in liquid flames!
* * * LOW HITPOINT WARNING * * *
The wyvern zombie burns!
The water moccasin bites you.
* * * LOW HITPOINT WARNING * * *
The wyvern zombie bites you!
You die...

....######..#.....#
... +....<..#.#####
. #.......#.#
#.........#
#......#..# #
########..# .##
##(# #..## #.#....#
#@Z...# #S...##
.!..## .....#
....... .....#...
......#....
.......#.(...


You could see a water moccasin and a wyvern zombie (burning).

Vanquished Creatures
  An ogre (D:3)
  A bullfrog (D:4)
  2 scorpions
  Crazy Yiuf (D:3)
  A hound (D:6)
  3 bullfrog skeletons
  Jessica (D:2)
  An iguana (D:4)
  Ijyb (D:3)
  2 orc wizards
  2 hound skeletons
  8 gnolls
  A howler monkey zombie (D:6)
  5 adders
  An ufetubus (D:6)
  An adder skeleton (D:4)
  7 dart slugs
  13 orcs
  3 endoplasms
  3 giant cockroaches
  5 goblins
  6 hobgoblins
  7 jackals
  A quokka (D:2)
  6 ball pythons
  7 bats
  3 frilled lizards
  12 kobolds
  10 rats
115 creatures vanquished.

Vanquished Creatures (others)
  417 foxfires
417 creatures vanquished.

Grand Total: 532 creatures vanquished

Notes
Turn   | Place    | Note
-------+----------+-------------------------------------------
     0 | D:1      | robertstho the Djinni Fire Elementalist began the quest for
                  | the Orb.
     0 | D:1      | Reached XP level 1. HP: 15/15 MP: 0/0
   208 | D:1      | Reached skill level 3 in Spellcasting
   208 | D:1      | Reached XP level 2. HP: 18/21 MP: 0/0
   475 | D:1      | Found Etrafekh's Distillery.
   486 | D:1      | Bought a potion of degeneration for 11 gold pieces
   777 | D:1      | Reached XP level 3. HP: 23/25 MP: 0/0
   777 | D:1      | Learned a level 1 spell: Sting
  2031 | D:2      | Reached XP level 4. HP: 24/31 MP: 0/0
  2217 | D:2      | Reached skill level 4 in Spellcasting
  2417 | D:2      | Noticed Jessica
  2426 | D:2      | Killed Jessica
  2958 | D:3      | Noticed Ijyb
  2976 | D:3      | Killed Ijyb
  2977 | D:3      | Reached XP level 5. HP: 36/36 MP: 0/0
  2977 | D:3      | Learned a level 2 spell: Passwall
  3166 | D:3      | Noticed an ogre
  3177 | D:3      | Killed an ogre
  3313 | D:3      | Reached skill level 5 in Spellcasting
  3444 | D:3      | Reached XP level 6. HP: 40/41 MP: 0/0
  3786 | D:3      | Found a runed translucent door.
  3787 | D:3      | Noticed Crazy Yiuf
  4054 | D:3      | Reached skill level 1 in Fighting
  4395 | D:3      | Killed Crazy Yiuf
  5084 | D:4      | Reached XP level 7. HP: 37/47 MP: 0/0
  5084 | D:4      | Learned a level 2 spell: Searing Ray
  5237 | D:4      | Found Notoor's Magic Scroll Boutique.
  5252 | D:4      | Bought 3 scrolls of identify for 78 gold pieces
  5252 | D:4      | Bought a scroll of fear for 45 gold pieces
  5268 | D:4      | Reached skill level 6 in Spellcasting
  5610 | D:4      | Found a sacrificial altar of Ru.
  5610 | D:4      | Found a hazy altar of Hepliaklqana.
  5612 | D:4      | Found a shimmering altar of Xom.
  5614 | D:4      | Found a white marble altar of Elyvilon.
  5808 | D:5      | Entered Level 5 of the Dungeon
  5899 | D:5      | Found a hide-covered altar of Uskayaw.
  5900 | D:5      | Found a sparkling altar of Nemelex Xobeh.
  5901 | D:5      | Found a bloodstained altar of Trog.
  7824 | D:6      | Mangled by a wyvern zombie

Illustrated notes

Levels and vault maps discovered:
D:1:      minmay_arrival_stone_box, layout_rooms, serial_shops,
          nicolae_shop_crystal, corner_web_ring
D:2:      layout_loops_corners, kennysheep_small_spiral, corexii_corridor_pit,
          kennysheep_generic_room_8, uniq_jessica
D:3:      minmay_razor_zed, layout_loops_ring, uniq_ijyb,
          uniq_crazy_yiuf_cottage
D:4:      minmay_general_purpose_star, layout_loops_ring, minitemple,
          serial_shops, nicolae_shop_trees
D:5:      layout_basic, chequers_temple_overflow_statue_of_worship
D:6:      layout_basic, nicolae_tso_besieged_by_evil,
          minmay_temple_entry_large_hall, hangedman_glass_teeth,
          uniq_prince_ribbit1

Skill      XL: |  1  2  3  4  5  6  7 |
---------------+----------------------+-----
Spellcasting   | 3 4 5 6 |  6.9
Stealth        | 2 |  2.7
Fighting       | 1 |  1.4
Dodging        | 3 |  3.4

Action                   |  1- 3 |  4- 6 |  7- 9 || total
-------------------------+-------+-------+-------++-------
Melee: Dagger            |       |     2 |     5 ||     7
 Cast: Foxfire           |    76 |   101 |    78 ||   255
       Sticky Flame      |       |     1 |     3 ||     4
  Use: Scroll            |     2 |     3 |     4 ||     9
 Stab: Sleeping          |       |       |     1 ||     1
Armor: Robe              |     7 |     9 |    10 ||    26
       Skin              |       |     6 |       ||     6
Dodge: Dodged            |    20 |    23 |    58 ||   101

Table legend: (Time is in decaauts)
 A = Elapsed time spent in this place.
 B = Non-inter-level travel time spent in this place.
 C = Inter-level travel time spent in this place.
 D = Time resting spent in this place.
 E = Time spent auto-exploring this place.
 F = Levels seen in this place.
 G = Mean time per level.
                   A        B        C        D        E       F      G
               +--------+--------+--------+--------+--------+-----+--------+
         Total |   7822 |   7612 |    210 |    137 |   6668 |   6 | 1303.7 |
       Dungeon |   7822 |   7612 |    210 |    137 |   6668 |   6 | 1303.7 |
               +--------+--------+--------+--------+--------+-----+--------+

Top non-repeatable levels by time:
     D:3: 1575 daAuts
     D:4: 1496 daAuts
     D:2: 1477 daAuts
     D:5: 1396 daAuts
     D:1: 1395 daAuts
     D:6: 480 daAuts
